General information
			
			
        
        - name: BNet
 
        - type: Ladder team game (AT/RT)
 
        - host: Battle.net
 
        - saver: kunt.roII
 
        
map: Typhoon 
        - players: 6
 
        - length: 29:38
 
        - speed: Fast
 - version: 1.22 W3XP
 - replay type:  Public
 
» download(255 KB)
Players
        team 1 (winner) 
              
              
» 
BRAUMS (
pink | 104 APM | 3057 actions | 29:28)
              
 6 Tauren Chieftain 
 1 War Stomp
 3 Endurance Aura
 2 Shockwave
 3 Pandaren Brewmaster 
 2 Breath of Fire
 1 Drunken Haze
 
                » actions 
                
                | Assign group hotkey | 22 |  | 
| Basic commands | 156 |  | 
| Build / train | 94 |  | 
| ESC pressed | 21 |  | 
| Enter build submenu | 68 |  | 
| Enter hero's abilities submenu | 8 |  | 
| Right click | 1389 |  | 
| Select / deselect | 662 |  | 
| Select group hotkey | 431 |  | 
| Use ability | 206 |  | 
                3057 total
 » units 
                
                | Peon | 43 |  | 
| Grunt | 3 |  | 
| Raider | 4 |  | 
| Troll Batrider | 10 |  | 
                60 total
 » upgrades
                
                | Ensnare | 1 |  | 
| Reinforced Defenses | 1 |  | 
                2 total
 » buildings
                
                | Altar of Storms | 1 |  | 
| Orc Burrow | 6 |  | 
| Barracks | 1 |  | 
| Voodoo Lounge | 3 |  | 
| War Mill | 1 |  | 
| Great Hall | 7 |  | 
| Watch Tower | 39 |  | 
| Stronghold | 2 |  | 
| Beastiary | 3 |  | 
| Fortress | 1 |  | 
                64 total
 » build order
                00:04 Altar of Storms
00:07 Orc Burrow
00:40 Barracks
01:36 Orc Burrow
01:47 Voodoo Lounge
01:58 Voodoo Lounge
02:44 War Mill
04:18 Great Hall
04:35 Watch Tower
04:39 Watch Tower
05:42 Watch Tower
05:43 Watch Tower
06:01 Stronghold
07:07 Watch Tower
07:11 Watch Tower
07:54 Great Hall
08:09 Watch Tower
09:17 Beastiary
09:19 Beastiary
09:49 Watch Tower
10:00 Watch Tower
10:41 Watch Tower
11:08 Watch Tower
11:42 Watch Tower
12:38 Watch Tower
12:39 Watch Tower
12:47 Watch Tower
12:54 Watch Tower
13:01 Orc Burrow
13:16 Watch Tower
13:27 Watch Tower
13:29 Watch Tower
13:38 Watch Tower
14:31 Watch Tower
14:32 Watch Tower
14:50 Watch Tower
14:51 Watch Tower
14:57 Watch Tower
14:59 Watch Tower
15:43 Watch Tower
16:17 Watch Tower
16:29 Watch Tower
16:29 Watch Tower
16:32 Fortress
16:35 Watch Tower
18:05 Great Hall
19:30 Beastiary
20:55 Orc Burrow
21:10 Great Hall
22:59 Great Hall
23:05 Voodoo Lounge
23:15 Great Hall
23:19 Watch Tower
23:59 Orc Burrow
24:12 Watch Tower
24:15 Watch Tower
24:23 Watch Tower
24:29 Watch Tower
24:35 Orc Burrow
25:27 Watch Tower
27:36 Stronghold
28:08 Great Hall
28:43 Watch Tower
28:45 Watch Tower
» items
                
                | Healing Salve | 4 |  | 
| Lesser Clarity Potion | 5 |  | 
| Tome of Retraining | 1 |  | 
| Dust of Appearance | 3 |  | 
| Orb of Lightning | 1 |  | 
| Scroll of Town Portal | 2 |  | 
                16 total
  
               
              
              
» 
kunt.roII (
purple | 112 APM | 3311 actions | 29:38)
              
 4 Blademaster 
 2 Wind Walk
 2 Critical Strike
 4 Shadow Hunter 
 2 Hex
 2 Healing Wave
 
                » actions 
                
                | Assign group hotkey | 44 |  | 
| Basic commands | 38 |  | 
| Build / train | 97 |  | 
| ESC pressed | 4 |  | 
| Enter build submenu | 40 |  | 
| Enter hero's abilities submenu | 8 |  | 
| Right click | 1352 |  | 
| Select / deselect | 315 |  | 
| Select group hotkey | 1217 |  | 
| Use ability | 196 |  | 
                3311 total
 » units 
                
                | Peon | 19 |  | 
| Grunt | 5 |  | 
| Troll Witch Doctor | 7 |  | 
| Shaman | 7 |  | 
| Troll Batrider | 8 |  | 
                46 total
 » upgrades
                
                | Berserker Strength | 1 |  | 
| Witch Doctor Training | 2 |  | 
| Shaman Training | 2 |  | 
| Burning Oil | 1 |  | 
| Spirit Walker Training | 2 |  | 
| Ranged Weapons | 1 |  | 
| Envenomed Spears | 1 |  | 
                10 total
 » buildings
                
                | Altar of Storms | 1 |  | 
| Orc Burrow | 5 |  | 
| Barracks | 2 |  | 
| Voodoo Lounge | 1 |  | 
| Stronghold | 5 |  | 
| War Mill | 1 |  | 
| Fortress | 2 |  | 
| Watch Tower | 16 |  | 
| Spirit Lodge | 2 |  | 
| Great Hall | 1 |  | 
| Beastiary | 3 |  | 
                39 total
 » build order
                00:09 Altar of Storms
00:20 Orc Burrow
00:39 Barracks
01:47 Orc Burrow
02:33 Voodoo Lounge
03:20 Stronghold
03:20 Stronghold
03:20 Stronghold
04:28 Orc Burrow
04:33 War Mill
06:05 Fortress
06:35 Watch Tower
06:36 Watch Tower
07:03 Watch Tower
07:05 Watch Tower
07:45 Orc Burrow
08:25 Spirit Lodge
09:39 Spirit Lodge
10:30 Watch Tower
11:23 Watch Tower
11:25 Watch Tower
11:26 Watch Tower
12:37 Watch Tower
12:54 Watch Tower
12:56 Watch Tower
13:38 Great Hall
14:13 Watch Tower
14:49 Watch Tower
15:46 Watch Tower
16:19 Watch Tower
17:12 Watch Tower
18:09 Barracks
19:16 Beastiary
19:18 Beastiary
19:29 Beastiary
20:34 Orc Burrow
» items
                
                | Healing Salve | 4 |  | 
| Lesser Clarity Potion | 2 |  | 
| Boots of Speed | 2 |  | 
| Scroll of Speed | 1 |  | 
| Orb of Lightning | 1 |  | 
| Potion of Lesser Invulnerability | 1 |  | 
| Scroll of Healing | 2 |  | 
| Scroll of Protection | 1 |  | 
| Circlet of Nobility | 1 |  | 
| Scroll of Town Portal | 1 |  | 
                16 total
  
               
              
              
» 
TIMG4STRok (
orange | 128 APM | 3773 actions | 29:28)
              
 6 Death Knight 
 3 Death Coil
 3 Unholy Aura
 5 Lich 
 3 Frost Nova
 2 Frost Armor
 
                » actions 
                
                | Assign group hotkey | 25 |  | 
| Basic commands | 72 |  | 
| Build / train | 75 |  | 
| ESC pressed | 1 |  | 
| Enter build submenu | 26 |  | 
| Enter hero's abilities submenu | 11 |  | 
| Give item / drop item | 4 |  | 
| Right click | 1746 |  | 
| Select / deselect | 330 |  | 
| Select group hotkey | 1332 |  | 
| Use ability | 151 |  | 
                3773 total
 » units 
                
                | Acolyte | 7 |  | 
| Ghoul | 3 |  | 
| Crypt Fiend | 11 |  | 
| Frost Wyrm | 10 |  | 
                31 total
 » upgrades
                
                | Web | 1 |  | 
| Creature Attack | 3 |  | 
| Creature Carapace | 3 |  | 
| Burrow | 1 |  | 
| Freezing Breath | 1 |  | 
                9 total
 » buildings
                
                | Graveyard | 1 |  | 
| Crypt | 1 |  | 
| Ziggurat | 11 |  | 
| Altar of Darkness | 1 |  | 
| Tomb of Relics | 1 |  | 
| Nerubian Tower | 1 |  | 
| Halls of the Dead | 1 |  | 
| Spirit Tower | 4 |  | 
| Black Citadel | 1 |  | 
| Sacrificial Pit | 1 |  | 
| Boneyard | 2 |  | 
| Necropolis | 2 |  | 
                27 total
 » build order
                00:06 Graveyard
00:14 Crypt
00:39 Ziggurat
00:57 Altar of Darkness
01:26 Tomb of Relics
01:57 Ziggurat
02:29 Nerubian Tower
03:52 Halls of the Dead
04:43 Ziggurat
06:33 Spirit Tower
06:41 Ziggurat
07:12 Black Citadel
08:06 Sacrificial Pit
08:08 Spirit Tower
08:12 Ziggurat
09:08 Spirit Tower
10:44 Boneyard
10:46 Boneyard
10:52 Ziggurat
11:10 Ziggurat
11:14 Ziggurat
17:22 Spirit Tower
24:09 Necropolis
24:43 Necropolis
28:56 Ziggurat
28:59 Ziggurat
29:05 Ziggurat
» items
                
                | Rod of Necromancy | 2 |  | 
| Dust of Appearance | 3 |  | 
| Boots of Speed | 2 |  | 
| Orb of Corruption | 1 |  | 
| Potion of Healing | 3 |  | 
| Healing Salve | 1 |  | 
| Orb of Lightning | 1 |  | 
| Scroll of Town Portal | 2 |  | 
                15 total
  
               team 2 (loser) 
              
              
infekt (
teal | 85 APM | 2490 actions | 29:27)
              
 6 Blademaster 
 3 Wind Walk
 2 Critical Strike
 1 Bladestorm
 
                » actions 
                
                | Assign group hotkey | 334 |  | 
| Basic commands | 3 |  | 
| Build / train | 103 |  | 
| Enter build submenu | 36 |  | 
| Enter hero's abilities submenu | 6 |  | 
| Give item / drop item | 7 |  | 
| Right click | 1251 |  | 
| Select / deselect | 406 |  | 
| Select group hotkey | 150 |  | 
| Use ability | 193 |  | 
                2490 total
 » units 
                
                | Peon | 21 |  | 
| Troll Batrider | 12 |  | 
| Wind Rider | 10 |  | 
                43 total
 » upgrades
                
                | Spiked Barricades | 1 |  | 
| Armor | 2 |  | 
| Ranged Weapons | 3 |  | 
| Reinforced Defenses | 1 |  | 
| Liquid Fire | 1 |  | 
| Envenomed Spears | 2 |  | 
                10 total
 » buildings
                
                | Altar of Storms | 1 |  | 
| Orc Burrow | 8 |  | 
| War Mill | 2 |  | 
| Voodoo Lounge | 1 |  | 
| Watch Tower | 16 |  | 
| Stronghold | 1 |  | 
| Beastiary | 5 |  | 
| Fortress | 3 |  | 
                37 total
 » build order
                00:08 Altar of Storms
00:13 Orc Burrow
00:40 War Mill
01:26 Voodoo Lounge
01:42 Orc Burrow
02:13 Watch Tower
02:27 Watch Tower
02:58 Watch Tower
03:00 Watch Tower
03:27 Watch Tower
03:49 Watch Tower
04:48 Watch Tower
05:18 Stronghold
05:24 Watch Tower
05:57 Watch Tower
07:51 War Mill
07:57 Beastiary
07:58 Beastiary
08:00 Beastiary
09:36 Orc Burrow
09:37 Orc Burrow
10:16 Fortress
10:17 Fortress
10:17 Fortress
12:29 Beastiary
15:13 Beastiary
15:37 Orc Burrow
15:39 Orc Burrow
15:40 Orc Burrow
15:40 Orc Burrow
21:32 Watch Tower
21:32 Watch Tower
21:32 Watch Tower
21:33 Watch Tower
21:34 Watch Tower
23:09 Watch Tower
23:10 Watch Tower
» items
                
                | Healing Salve | 5 |  | 
| Lesser Clarity Potion | 10 |  | 
| Scroll of Speed | 3 |  | 
| Boots of Speed | 2 |  | 
| Staff of Teleportation | 1 |  | 
| Potion of Lesser Invulnerability | 1 |  | 
| Scroll of Town Portal | 2 |  | 
| Orb of Lightning | 1 |  | 
| Potion of Healing | 3 |  | 
| Scroll of Regeneration | 3 |  | 
| Dust of Appearance | 1 |  | 
                32 total
  
               
              
              
TheNumber1-B (
yellow | 96 APM | 2839 actions | 29:27)
              
 5 Blademaster 
 3 Wind Walk
 2 Critical Strike
 3 Shadow Hunter 
 1 Hex
 2 Healing Wave
 
                » actions 
                
                | Assign group hotkey | 46 |  | 
| Basic commands | 37 |  | 
| Build / train | 69 |  | 
| Enter build submenu | 46 |  | 
| Enter hero's abilities submenu | 9 |  | 
| Give item / drop item | 2 |  | 
| Right click | 1721 |  | 
| Select / deselect | 422 |  | 
| Select group hotkey | 289 |  | 
| Use ability | 197 |  | 
                2839 total
 » units 
                
                | Peon | 12 |  | 
| Troll Batrider | 7 |  | 
| Wind Rider | 4 |  | 
| Shaman | 6 |  | 
                29 total
 » upgrades
                
                | Spiked Barricades | 2 |  | 
| Reinforced Defenses | 1 |  | 
| Liquid Fire | 1 |  | 
| Armor | 2 |  | 
| Envenomed Spears | 1 |  | 
| Shaman Training | 2 |  | 
| Ranged Weapons | 1 |  | 
                10 total
 » buildings
                
                | Altar of Storms | 1 |  | 
| Orc Burrow | 8 |  | 
| Voodoo Lounge | 2 |  | 
| War Mill | 2 |  | 
| Watch Tower | 22 |  | 
| Stronghold | 1 |  | 
| Fortress | 1 |  | 
| Beastiary | 3 |  | 
| Spirit Lodge | 1 |  | 
                41 total
 » build order
                00:08 Altar of Storms
00:22 Orc Burrow
00:50 Voodoo Lounge
01:22 War Mill
02:15 Orc Burrow
02:43 Watch Tower
02:44 Watch Tower
03:00 Watch Tower
04:12 Watch Tower
04:17 Watch Tower
04:27 Watch Tower
04:38 Watch Tower
04:54 Watch Tower
05:55 Watch Tower
05:56 Watch Tower
05:59 Stronghold
06:29 Watch Tower
07:03 Watch Tower
07:04 Watch Tower
08:14 Voodoo Lounge
08:16 Watch Tower
08:17 Watch Tower
08:25 Watch Tower
08:34 Fortress
09:58 War Mill
10:00 Beastiary
10:03 Beastiary
10:30 Orc Burrow
10:45 Orc Burrow
11:55 Watch Tower
11:55 Watch Tower
11:56 Watch Tower
12:54 Beastiary
14:12 Watch Tower
14:13 Watch Tower
14:15 Watch Tower
16:24 Spirit Lodge
16:26 Orc Burrow
16:29 Orc Burrow
16:29 Orc Burrow
16:36 Orc Burrow
» items
                
                | Healing Salve | 3 |  | 
| Lesser Clarity Potion | 5 |  | 
| Circlet of Nobility | 1 |  | 
| Dust of Appearance | 1 |  | 
| Boots of Speed | 1 |  | 
| Potion of Lesser Invulnerability | 1 |  | 
| Scroll of Regeneration | 1 |  | 
| Orb of Lightning | 1 |  | 
| Scroll of Town Portal | 1 |  | 
                15 total
  
               
              
              
WATERMELONS (
green | 92 APM | 2717 actions | 29:26)
              
 4 Archmage 
 2 Blizzard
 2 Brilliance Aura
 2 Blood Mage 
 1 Flame Strike
 1 Siphon Mana
 2 Paladin 
 1 Holy Light
 1 Divine Shield
 
                » actions 
                
                | Assign group hotkey | 57 |  | 
| Basic commands | 133 |  | 
| Build / train | 135 |  | 
| Enter build submenu | 61 |  | 
| Enter hero's abilities submenu | 8 |  | 
| Give item / drop item | 2 |  | 
| Remove unit from queue | 3 |  | 
| Right click | 982 |  | 
| Select / deselect | 495 |  | 
| Select group hotkey | 688 |  | 
| Use ability | 153 |  | 
                2717 total
 » units 
                
                | Peasant | 24 |  | 
| Mortar Team | 6 |  | 
| Siege Engine | 5 |  | 
| Flying Machine | 5 |  | 
                40 total
 » upgrades
                
                | Masonry | 3 |  | 
| Lumber Harvesting | 2 |  | 
| Gunpowder | 3 |  | 
| Plating | 3 |  | 
| Fragmentation Shards | 1 |  | 
| Flare | 1 |  | 
| Barrage | 1 |  | 
| Flak Cannons | 1 |  | 
| Flying Machine Bombs | 1 |  | 
                16 total
 » buildings
                
                | Altar of Kings | 1 |  | 
| Lumber Mill | 1 |  | 
| Farm | 15 |  | 
| Scout Tower | 31 |  | 
| Arcane Tower | 4 |  | 
| Guard Tower | 21 |  | 
| Arcane Vault | 2 |  | 
| Town Hall | 2 |  | 
| Keep | 2 |  | 
| Blacksmith | 2 |  | 
| Workshop | 4 |  | 
| Castle | 1 |  | 
                86 total
 » build order
                00:05 Altar of Kings
00:18 Lumber Mill
00:34 Farm
01:04 Scout Tower
01:12 Scout Tower
01:30 Arcane Tower
01:41 Farm
01:48 Guard Tower
01:48 Guard Tower
01:58 Arcane Vault
02:22 Scout Tower
02:46 Scout Tower
02:57 Guard Tower
03:02 Farm
03:05 Scout Tower
03:16 Guard Tower
03:39 Scout Tower
03:40 Scout Tower
03:40 Scout Tower
03:53 Scout Tower
03:57 Guard Tower
04:10 Arcane Tower
04:17 Guard Tower
04:19 Scout Tower
04:29 Guard Tower
05:13 Town Hall
05:14 Guard Tower
05:27 Scout Tower
05:57 Keep
05:57 Keep
06:13 Guard Tower
06:30 Farm
06:31 Scout Tower
06:45 Scout Tower
06:46 Scout Tower
06:48 Scout Tower
06:48 Scout Tower
06:50 Scout Tower
07:04 Scout Tower
07:18 Guard Tower
07:20 Guard Tower
07:21 Scout Tower
07:22 Arcane Tower
07:24 Arcane Vault
07:30 Scout Tower
07:39 Guard Tower
07:43 Guard Tower
07:45 Scout Tower
07:48 Scout Tower
07:52 Blacksmith
07:57 Scout Tower
07:58 Scout Tower
08:06 Guard Tower
08:08 Town Hall
08:31 Scout Tower
08:44 Guard Tower
08:59 Guard Tower
09:05 Blacksmith
09:27 Workshop
09:34 Castle
09:44 Workshop
09:46 Workshop
10:12 Guard Tower
11:00 Scout Tower
11:01 Scout Tower
11:13 Farm
11:15 Farm
11:31 Farm
11:38 Scout Tower
11:39 Scout Tower
11:43 Guard Tower
12:36 Guard Tower
13:03 Farm
13:03 Farm
13:27 Workshop
13:30 Scout Tower
13:32 Scout Tower
15:08 Farm
15:08 Farm
15:10 Guard Tower
17:25 Farm
17:27 Farm
17:27 Farm
18:07 Farm
» items
                
                | Healing Salve | 2 |  | 
| Lesser Clarity Potion | 1 |  | 
| Scroll of Speed | 1 |  | 
| Scroll of Town Portal | 3 |  | 
| Potion of Healing | 3 |  | 
| Scroll of Regeneration | 2 |  | 
| Staff of Sanctuary | 2 |  | 
| Scroll of Protection | 1 |  | 
                15 total
  
                Chat log
          (00:04 / All) kunt.roII: GL hF
(00:09 / All) TIMG4STRok: whatup ej
(00:18 / All) infekt: HI BRAUMS
(00:19 / All) TheNumber1-B: whatup timg gastrok
(00:26 / All) TIMG4STRok: gl hf,,,,,
(00:30 / All) TheNumber1-B: timmy
(00:35 / Allies) TIMG4STRok: thats me..................
(00:42 / All) TheNumber1-B: dirtmcwordup = you 
(00:44 / All) TheNumber1-B: right
(00:46 / All) TIMG4STRok: yeah
(00:53 / All) TIMG4STRok: dirtmcgirt is somebody else
(00:53 / All) TheNumber1-B: lol
(00:58 / All) TheNumber1-B: i recently watched that
(01:00 / All) TheNumber1-B: yomping vid
(01:02 / All) TIMG4STRok: lmao
(01:07 / All) BRAUMS: Hell Yeah Yomping!
(01:12 / All) TheNumber1-B: dude wtf happened to mcgirt
(01:17 / All) TIMG4STRok: i don't know
(01:22 / All) TIMG4STRok: hes like a full time drug dealer now
(01:25 / All) TheNumber1-B: rofl
(01:30 / All) TheNumber1-B: put em in a bodybag
(01:34 / All) TIMG4STRok: haha
(04:06 / All) TheNumber1-B: worht it
(04:09 / All) kunt.roII: :)
(04:44 / All) TheNumber1-B: hes like 40% lol
(13:43 / Allies) TIMG4STRok: wood
(16:48 / All) kunt.roII: I LIKE THIS GAME
(17:04 / All) TheNumber1-B: ill keep that in mind
(17:15 / All) BRAUMS: Why so serious
(17:18 / All) BRAUMS: Not quoting joker
(17:27 / All) TheNumber1-B: why such a batfag fanboy
(17:30 / All) BRAUMS: im not
(17:35 / All) TheNumber1-B: u r by default
(17:48 / All) BRAUMS: elton
(17:51 / All) BRAUMS: err i mean yellow
(17:52 / All) BRAUMS: number1-b
(18:00 / All) BRAUMS: you're pretty mean
(18:06 / All) TheNumber1-B: thanks
(18:11 / All) BRAUMS: you're a mean g
(21:14 / Allies) kunt.roII: where to fight
(24:14 / Allies) kunt.roII: manaing
(24:45 / Allies) kunt.roII: i got greens peons
(25:32 / Allies) kunt.roII: behind us
(29:25 / All) WATERMELONS: GG
(29:27 / All) kunt.roII: gg